 Dungeon Crawl Stone Soup version 0.22.0 (webtiles) character file.

50 dysrexia the Insei (level 3, -1/28 HPs)
             Began as a Draconian Transmuter on Aug 12, 2018.
             Killed from afar by a white imp (11 damage)
             ... with a puff of frost
             ... summoned by Natasha
             ... on level 1 of the Dungeon.
             The game lasted 00:05:39 (1300 turns).

dysrexia the Insei (Draconian Transmuter)           Turns: 1300, Time: 00:05:40

Health: -1/28      AC:  5    Str: 14    XL:     3   Next: 55%
Magic:  1/6        EV: 12    Int: 15    God:
Gold:   68         SH:  0    Dex: 12    Spells: 3/6 levels left

rFire    . . .     SeeInvis .     - Unarmed
rCold    . . .     Gourm    +   (no shield)
rNeg     . . .     Faith    .   (armour unavailable)
rPois    .         Spirit   .   (helmet restricted)
rElec    .         Reflect  .   (no cloak)
rCorr    .         Harm     .   (no gloves)
MR       .....                  (boots currently unavailable)
Stlth    +.........             j - amulet of the gourmand
HPRegen  0.09/turn              (no ring)
MPRegen  0.10/turn              (no ring)

@: appendage, slowed, very slow
A: unfitting armour, talons 3, clever 1, strong 1, cold-blooded, AC +5
a: End Transformation


You were on level 1 of the Dungeon.
You were not hungry.
You had grown temporary talons.
You visited 1 branch of the dungeon, and saw 2 of its levels.

You collected 68 gold pieces.

Inventory:

Missiles
 a - 42 arrows
 g - 9 poisoned needles
Jewellery
 j - an amulet of the gourmand (around neck)
Scrolls
 b - 2 scrolls of fear {unknown}
Potions
 h - a potion of mutation
 k - a potion of heal wounds {unknown}
Comestibles
 c - 4 rations


   Skills:
 - Level 1.1 Fighting
 - Level 1.7 Dodging
 * Level 4.1 Unarmed Combat
 - Level 2.0 Spellcasting
 + Level 2.7 Transmutations


You had 3 spell levels left.
You knew the following spells:

 Your Spells              Type           Power        Failure   Level  Hunger
a - Beastly Appendage     Tmut           #.....       7%          1    #......
b - Sticks to Snakes      Tmut           #.......     11%         2    ###....

Your spell library contained the following spells:

 Spells                   Type           Power        Failure   Level  Hunger
 Spider Form              Tmut/Pois      #.........   36%         3    ###....
 Blade Hands              Tmut           #.........   89%         5    ######.
 Ice Form                 Ice/Tmut       #.......     77%         4    #####..


Dungeon Overview and Level Annotations

Branches:
Dungeon (2/15)

Altars:

Annotations:
D:1 Natasha


Innate Abilities, Weirdness & Mutations

Your plain brown scales are hard. (AC +5)
You cannot fit into any form of body armour.
You are cold-blooded and may be slowed by cold attacks.
You have claws for feet.
Your mind is acute. (Int +2)
Your muscles are strong. (Str +2)


Message History

Your feet morph into talons.
The white imp completely misses you.
Natasha mumbles some strange words.
Your ball python closely misses the white imp.
Your ball python barely misses the white imp.
You barely miss the white imp. The white imp barely misses you.
Your ball python bites the white imp but does no damage.
Your ball python barely misses the white imp.
You barely miss the white imp. The white imp hits your ball python.
Your ball python dies!
The white imp closely misses you.
You completely miss the white imp. You claw the white imp.
The white imp is lightly wounded.
The white imp hits you. The white imp freezes you.
You feel yourself slow down.
You closely miss the white imp. You claw the white imp.
You tail-slap the white imp.
The white imp is heavily wounded.
The white imp disappears in a puff of smoke!
The white imp gestures at you. The puff of frost hits you!
You die...

.#.##.##.# ###.### #...# #
.#.#.###.# #.# #...# # .........#
#.# #...# # .#######.# #># #.).#
# .# #.## #.# #...# # .# ###
#..## #.#####...# # .###.###.#.##
#.........######
....#...###.######.#####.......[.
##.###.#####...S@§h.......#######
###.#...#.#.#####5.########
.....#.............#
#########.#######.## #.........#
###########


You could see Natasha, a white imp and a friendly ball python.

Vanquished Creatures
  Natasha (D:1)
  2 dart slugs (D:1)
  A leopard gecko (D:1)
  4 bats (D:1)
  2 giant cockroaches (D:1)
  2 goblins (D:1)
  4 hobgoblins (D:1)
  3 kobolds (D:1)
  2 frilled lizards (D:1)
  A rat (D:1)
22 creatures vanquished.

Notes
Turn   | Place    | Note
-------+----------+-------------------------------------------
     0 | D:1      | dysrexia the Draconian Transmuter began the quest for the Orb.
     0 | D:1      | Reached XP level 1. HP: 16/16 MP: 3/3
   110 | D:1      | Reached XP level 2. HP: 20/23 MP: 5/5
   353 | D:1      | Learned a level 2 spell: Sticks to Snakes
   940 | D:2      | Noticed Natasha
   946 | D:2      | Noticed a crimson imp
   948 | D:2      | Noticed a crimson imp
   950 | D:2      | Noticed a crimson imp
   962 | D:1      | Noticed a crimson imp
   969 | D:1      | Killed Natasha
   969 | D:1      | Reached skill level 4 in Unarmed Combat
   969 | D:1      | Reached XP level 3. HP: 4/28 MP: 2/6
   970 | D:1      | Gained mutation: Your mind is acute. (Int +2) [potion of mutation]
   970 | D:1      | Gained mutation: Your muscles are strong. (Str +2) [potion of mutation]
   973 | D:1      | HP: 1/42 [frilled lizard (3)]
  1289 | D:1      | Noticed Natasha
  1300 | D:1      | Killed from afar by a white imp

Skill      XL: |  1  2 |
---------------+-------+-----
Unarmed Combat | 4 |  4.1
Fighting       | |  1.1
Dodging        | |  1.7
Spellcasting   | |  2.0
Transmutations | |  2.7

Action                   || total
-------------------------++-------
Melee: Unarmed           ||   104
       Punch             ||     2
       Tailslap          ||     9
       Kick              ||     4
 Cast: Beastly Appendage ||     4
       Sticks to Snakes  ||     4
  Use: Potion            ||     4
  Eat: Chunk             ||     3
Armor: Skin              ||    42
Dodge: Dodged            ||    86
